 Dungeon Crawl Stone Soup version 0.29-a0-824-gd827844252 (webtiles) character file.

Game seed: 4761955007750431768

113 coolguy69 the Trooper (level 4, 0/24 HPs)
             Began as a Vine Stalker Monk on July 10, 2022.
             Slain by Robin
             ... wielding a +2 whip of flaming
              (1 damage)
             ... on level 2 of the Dungeon.
             The game lasted 00:01:36 (2165 turns).

coolguy69 the Trooper (Vine Stalker Monk)           Turns: 2165, Time: 00:01:36

Health: 0/24       AC:  3    Str: 16    XL:     4   Next: 96%
Magic:  0/5        EV: 12    Int: 10    God:
Gold:   88         SH:  0    Dex: 16    Spells: 3/3 levels left

rFire   . . .      SeeInvis .   a - +0 short sword
rCold   . . .      Faith    .   (no shield)
rNeg    . . .      Spirit   +   d - +0 leather armour
rPois   .          Reflect  .   (no helmet)
rElec   .          Harm     .   (no cloak)
rCorr   .          Rampage  .   (no gloves)
Will    .....                   (no boots)
Stlth   ++........              (no amulet)
HPRegen 0.88/turn               (no ring)
MPRegen 0.09/turn               (no ring)

@: no status effects
A: fangs 2, regeneration 1, magic shield, antimagic bite, no potion heal 2
a: no special abilities


You were on level 2 of the Dungeon.
You visited 1 branch of the dungeon, and saw 2 of its levels.

You collected 88 gold pieces.

Inventory:

Hand Weapons
 a - a +0 short sword (weapon)
Armour
 d - a +0 leather armour (worn)
Jewellery
 b - a +4 ring of evasion
Scrolls
 e - a scroll of amnesia {unknown}
 g - 3 scrolls of identify {unknown}
 h - 2 scrolls of enchant armour {unknown}
Potions
 c - a potion of ambrosia
 f - a potion of resistance
 i - a potion of might
 j - a potion of haste


   Skills:
 + Level 3.4 Fighting
 + Level 3.4 Short Blades
 + Level 1.2 Armour
 + Level 2.9 Dodging
 + Level 3.1 Stealth


You had 3 spell levels left.
You didn't know any spells.
Your spell library contained the following spells:

 Spells                   Type           Power      Damage    Failure   Level
 Frozen Ramparts          Ice            0%         1d2       80%         3
 Stone Arrow              Conj/Erth      0%         3d7       80%         3
 Animate Armour           Summ/Erth      0%         N/A       99%         4
 Ice Form                 Ice/Tmut       0%         N/A       99%         4
 Summon Ice Beast         Ice/Summ       0%         N/A       99%         4
 Lehudib's Crystal Spear  Conj/Erth      0%         10d2      100%        8


Dungeon Overview and Level Annotations

Branches:
Dungeon (2/15)

Altars:

Annotations:
D:2 Robin


Innate Abilities, Weirdness & Mutations

You have extremely sharp teeth.
Your natural rate of healing is unusually fast.
When hurt, damage is shared between your health and your magic reserves.
Your bite disrupts and absorbs the magic of your enemies.
Potions cannot restore your health.


Message History

The endoplasm is heavily wounded.
The endoplasm hits you but does no damage.
You hit the endoplasm.
You kill the endoplasm!
You hit Robin but do no damage. You bite Robin, but do no damage.
Robin hits you with a +2 whip of flaming.
Robin burns you.
You barely miss Robin.
Robin hits you with a +2 whip of flaming.
* * * LOW HITPOINT WARNING * * *
Robin burns you.
* * * LOW HITPOINT WARNING * * *
You hit Robin but do no damage. You bite Robin, but do no damage.
Robin hits you with a +2 whip of flaming.
* * * LOW HITPOINT WARNING * * *
Robin burns you.
You hit Robin.
Robin is lightly wounded.
Robin closely misses you.
You hit Robin but do no damage. You bite Robin. You drain their power.
You feel invigorated.
Robin is moderately wounded.
Robin misses you.
Unknown command.
You closely miss Robin.
Robin is moderately wounded.
Robin closely misses you.
Unknown command.
You hit Robin.
Robin is moderately wounded.
Robin hits you with a +2 whip of flaming.
* * * LOW HITPOINT WARNING * * *
Robin burns you.
* * * LOW HITPOINT WARNING * * *
You hit Robin. You bite Robin. You drain their power.
You feel invigorated.
Robin is severely wounded.
The hobgoblin no longer looks unusually strong.
Robin hits you with a +2 whip of flaming.
Robin burns you.
You die...

#.######### #.# #.###.###.#
#.##......# ##.## #.# #.....#
#.##.####.###...###.###.#####
#.##.####.##.....###...##
##.##.##...............##
#...†......####.########
##.##.##.#.# #.# ####......#
#.# ######## #@# #g#
#######g# .$.....g#####
####..))....# #.##.###.# ...
#># .... ... ### ....#


You could see Robin and 2 hobgoblins.

Vanquished Creatures
  3 adders (D:2)
  4 gnolls (D:2)
  A worm (D:2)
  A dart slug (D:2)
  4 endoplasms
  A giant cockroach (D:2)
  8 goblins (D:2)
  2 hobgoblins (D:2)
  7 kobolds
  2 ball pythons
  4 bats
  2 frilled lizards
  5 rats
44 creatures vanquished.

Notes
Turn   | Place    | Note
-------+----------+-------------------------------------------
     0 | D:1      | coolguy69 the Vine Stalker Monk began the quest for the
                  | Orb.
     0 | D:1      | Reached XP level 1. HP: 11/11 MP: 2/2
   334 | D:1      | Reached XP level 2. HP: 14/16 MP: 3/3
   778 | D:1      | Found a faded altar of an unknown god.
   907 | D:2      | Reached XP level 3. HP: 2/20 MP: 2/4
  1855 | D:2      | Gained mutation: Your natural rate of healing is unusually
                  | fast. [Vine Stalker growth]
  1855 | D:2      | Reached XP level 4. HP: 12/24 MP: 5/5
  1861 | D:2      | Reached skill level 1 in Armour
  2131 | D:2      | Identified the +0 helmet of Egalitarianism {Rampage}
  2131 | D:2      | Noticed Robin
  2160 | D:2      | HP: 1/24 [Robin/+2 whip of flaming (5)]
  2165 | D:2      | Slain by Robin

Illustrated notes

Levels and vault maps discovered:
D:1:      dpeg_arrival_three_same_balls, layout_loops_corners,
          ebering_ecumenical_altar_ruins
D:2:      layout_loops_corners, minmay_bisected, uniq_crazy_yiuf_cottage,
          uniq_robin

Skill      XL: |  1  2  3  4 |
---------------+-------------+-----
Fighting       | 3 |  3.4
Short Blades   | 3 |  3.4
Stealth        | 3 |  3.1
Armour         | 1 |  1.2
Dodging        | |  2.9

Action                   |  1- 3 |  4- 6 || total
-------------------------+-------+-------++-------
Melee: Short sword       |    81 |    46 ||   127
       Bite              |    14 |    14 ||    28
       Punch             |     2 |       ||     2
  Use: Potion            |     3 |       ||     3
 Stab: Sleeping          |     2 |       ||     2
Armor: Leather armour    |    12 |     9 ||    21
       Skin              |     7 |       ||     7
Dodge: Dodged            |    37 |    27 ||    64

Table legend: (Time is in decaauts)
 A = Elapsed time spent in this place.
 B = Non-inter-level travel time spent in this place.
 C = Inter-level travel time spent in this place.
 D = Time resting spent in this place.
 E = Time spent auto-exploring this place.
 F = Levels seen in this place.
 G = Mean time per level.
                   A        B        C        D        E       F      G
               +--------+--------+--------+--------+--------+-----+--------+
         Total |   2158 |   2140 |     18 |    188 |   1640 |   2 | 1079.0 |
       Dungeon |   2158 |   2140 |     18 |    188 |   1640 |   2 | 1079.0 |
               +--------+--------+--------+--------+--------+-----+--------+

Top non-repeatable levels by time:
     D:2: 1278 daAuts
     D:1: 880 daAuts
